EL
BOWIE BAYSOX @ NORTHWEST ARKANSAS NATURALS
06/11/2048
 
TOP OF THE 1ST
Bowie Baysox batting - Pitching for Northwest Arkansas Naturals : RHP Philip Terrell
Pitching: RHP Philip Terrell
Batting: RHB Ken Jenkins 0-0: DOUBLE (Line Drive, 7LS, EV 105.6 MPH)
Batting: RHB Edwin Ramos 0-0: Ball
Ken Jenkins steals 3rd base
1-0: Ball
2-0: Called Strike
2-1: Called Strike
2-2: Foul Ball, location: 2F
2-2: Ball
3-2: Base on Balls
Batting: LHB Justin Moore 0-0: Ball
1-0: Foul Ball, location: 2F
1-1: Ball
Wild Pitch!
Ken Jenkins scores
Edwin Ramos to second
2-1: Ball
Wild Pitch!
Edwin Ramos to third
3-1: Called Strike
Balk!
Edwin Ramos scores
3-2: Base on Balls
Batting: LHB Andrew Erens 0-0: Ball
1-0: Swinging Strike
1-1: Ball
2-1: Foul Ball, location: 2F
2-2: Foul Ball, location: 2F
2-2: Strikes out swinging
Batting: RHB Travis Leonard 0-0: Ball
1-0: Ground out 4-3 (Groundball, 4, EV 105.0 MPH)
Justin Moore to second
Batting: RHB John Gray 0-0: Ball
1-0: Ball
2-0: Ball
3-0: Base on Balls
Batting: LHB Raul Rojas 0-0: Foul Ball, location: 2F
0-1: Ball
1-1: Ball
2-1: DOUBLE (Flyball, 8LXD, EV 100.0 MPH)
Justin Moore scores
John Gray to third
Runner from 3rd tries for Home, SAFE, throw by CF to home
Pitching: LHP Keith Egan
Batting: RHB Ray Sims 0-0: Ground out 5-3 (Groundball, 56, EV 91.2 MPH)
Top of the 1st over - 4 runs, 2 hits, 0 errors, 1 left on base; Bowie 4 - Northwest Arkansas 0
BOTTOM OF THE 1ST
Northwest Arkansas Naturals batting - Pitching for Bowie Baysox : LHP Freddy Gutierrez
Pitching: LHP Freddy Gutierrez
Batting: SHB Ryoji Hiraoka 0-0: SINGLE (Groundball, 15S, EV 68.1 MPH) (infield hit)
Batting: RHB Kazuki Arai 0-0: Ball
Ryoji Hiraoka steals 2nd base (no throw)
1-0: SINGLE (Flyball, 8RS, EV 92.5 MPH)
Ryoji Hiraoka to third
Runner from 3rd tries for Home, throw by CF and OUT! 8-2
Kazuki Arai to second
Now in CF: Andrew Erens
Now in RF: Antonio Gamez
Batting: RHB Edwin Ramos 0-0: Swinging Strike
0-1: Ball
1-1: Fly out, F8 (Flyball, 8RXD, EV 106.2 MPH)
Runner from 2nd tags up, SAFE at 3rd, no throw by CF
Batting: RHB William Lung 0-0: SINGLE (Groundball, 56D, EV 96.9 MPH)
Kazuki Arai scores
Batting: LHB Bobby Gonzalez 0-0: Foul Ball, location: 2F
0-1: Ball
1-1: Ball
2-1: Called Strike
2-2: Strikes out swinging
Bottom of the 1st over - 1 run, 3 hits, 0 errors, 1 left on base; Bowie 4 - Northwest Arkansas 1
TOP OF THE 2ND
Bowie Baysox batting - Pitching for Northwest Arkansas Naturals : LHP Keith Egan
Batting: SHB Hugo Moreno 0-0: Foul Ball, location: 2F
0-1: Ground out U3 (Groundball, 34S, EV 82.5 MPH)
Batting: RHB Ken Jenkins 0-0: Swinging Strike
0-1: Ball
1-1: DOUBLE (Line Drive, 7LD, EV 106.9 MPH)
Batting: RHB Edwin Ramos 0-0: Foul Ball, location: 2F
0-1: Swinging Strike
0-2: Strikes out swinging
Batting: LHB Justin Moore 0-0: Foul Ball, location: 2F
0-1: Foul Ball, location: 2F
0-2: Ball
1-2: Fly out, F7 (Flyball, 7, EV 89.4 MPH)
Top of the 2nd over - 0 runs, 1 hit, 0 errors, 1 left on base; Bowie 4 - Northwest Arkansas 1
BOTTOM OF THE 2ND
Northwest Arkansas Naturals batting - Pitching for Bowie Baysox : LHP Freddy Gutierrez
Batting: RHB Eric Erickson 0-0: Called Strike
0-1: Foul Ball, location: 2F
0-2: Foul Ball, location: 2F
0-2: Ball
1-2: Ball
2-2: Ball
3-2: Base on Balls
Batting: SHB Marcos Cortez 0-0: Ball
1-0: Ball
2-0: Ball
3-0: Base on Balls
Eric Erickson to second
Batting: SHB Danny Ballenger 0-0: Swinging Strike
0-1: Ball
1-1: Ball
2-1: Foul Ball, location: 2F
2-2: Foul Ball, location: 2F
2-2: SINGLE (Groundball, 56D, EV 93.8 MPH)
Eric Erickson to third
Marcos Cortez to second
Batting: RHB Gabe Ochoa 0-0: Ball
1-0: Ball
2-0: Grounds into double play, 4-6-3 (Groundball, 4, EV 110.6 MPH)
Eric Erickson scores
Marcos Cortez to third
Batting: SHB Ryoji Hiraoka 0-0: Ball
1-0: Ball
2-0: Foul Ball, location: 2F
2-1: Called Strike
2-2: SINGLE (Groundball, 56D, EV 106.9 MPH)
Marcos Cortez scores
Batting: RHB Kazuki Arai 0-0: Ball
1-0: Ball
Ryoji Hiraoka is caught stealing 2nd base 2-4
Bottom of the 2nd over - 2 runs, 2 hits, 0 errors, 0 left on base; Bowie 4 - Northwest Arkansas 3
TOP OF THE 3RD
Bowie Baysox batting - Pitching for Northwest Arkansas Naturals : LHP Keith Egan
Batting: LHB Andrew Erens 0-0: Called Strike
0-1: Ball
1-1: Foul Ball, location: 2F
1-2: Ball
2-2: Ball
3-2: Base on Balls
Batting: RHB Travis Leonard 0-0: Ball
1-0: Called Strike
1-1: Ball
2-1: DOUBLE (Line Drive, 78D, EV 105.6 MPH)
Andrew Erens to third
Batting: RHB Antonio Gamez 0-0: Foul Ball, location: 2F
0-1: Foul Ball, location: 2F
0-2: Foul Ball, location: 2F
0-2: Ball
1-2: Strikes out swinging
Pitching: RHP Justin Nipper
Batting: LHB Raul Rojas 0-0: Called Strike
0-1: Ball
1-1: Ground out 5-3 (Groundball, 56, EV 110.0 MPH)
Andrew Erens scores
Batting: RHB Ray Sims 0-0: Foul Ball, location: 2F
0-1: Foul Ball, location: 2F
0-2: Foul Ball, location: 2F
0-2: Foul Ball, location: 2F
0-2: Ball
1-2: Fly out, F4 (Popup, 4MD, EV 66.2 MPH)
Top of the 3rd over - 1 run, 1 hit, 0 errors, 1 left on base; Bowie 5 - Northwest Arkansas 3
BOTTOM OF THE 3RD
Northwest Arkansas Naturals batting - Pitching for Bowie Baysox : LHP Freddy Gutierrez
Batting: RHB Kazuki Arai 0-0: Ball
1-0: Bunt missed!
1-1: Fly out, F4 (Popup, 34S, EV 48.1 MPH)
Batting: RHB Edwin Ramos 0-0: Called Strike
0-1: Fly out, F8 (Flyball, 8RXD, EV 95.0 MPH)
Batting: RHB William Lung 0-0: Called Strike
0-1: Ball
1-1: Ground out 5-3 (Groundball, 5S, EV 80.6 MPH)
Bottom of the 3rd over - 0 runs, 0 hits, 0 errors, 0 left on base; Bowie 5 - Northwest Arkansas 3
TOP OF THE 4TH
Bowie Baysox batting - Pitching for Northwest Arkansas Naturals : RHP Justin Nipper
Batting: SHB Hugo Moreno 0-0: Ball
1-0: Ball
2-0: Ball
3-0: Called Strike
3-1: Base on Balls
Batting: RHB Ken Jenkins 0-0: Called Strike
0-1: Foul Ball, location: 2F
0-2: Ball
1-2: Ball
2-2: DOUBLE (Groundball, 5L, EV 106.9 MPH)
Hugo Moreno to third
Batting: RHB Edwin Ramos 0-0: Ball
1-0: Ball
2-0: Foul Ball, location: 2F
2-1: Swinging Strike
2-2: Strikes out swinging
Batting: LHB Justin Moore 0-0: Ball
1-0: Ball
2-0: Called Strike
2-1: Ground out 4-3 (Groundball, 4, EV 98.8 MPH)
Hugo Moreno scores
Ken Jenkins to third
Batting: LHB Andrew Erens 0-0: Swinging Strike
0-1: Called Strike
0-2: Ball
1-2: Foul Ball, location: 2F
1-2: Ball
2-2: Foul Ball, location: 2F
2-2: Strikes out looking
Top of the 4th over - 1 run, 1 hit, 0 errors, 1 left on base; Bowie 6 - Northwest Arkansas 3
BOTTOM OF THE 4TH
Northwest Arkansas Naturals batting - Pitching for Bowie Baysox : LHP Freddy Gutierrez
Batting: LHB Bobby Gonzalez 0-0: Ball
1-0: Foul Ball, location: 2F
1-1: Called Strike
1-2: Ball
2-2: Strikes out swinging
Batting: RHB Eric Erickson 0-0: Ball
1-0: DOUBLE (Flyball, 78XD, EV 106.2 MPH)
Batting: SHB Marcos Cortez 0-0: Foul Ball, location: 2F
0-1: Fly out, F9 (Flyball, 9D, EV 108.1 MPH)
Runner from 2nd tags up, SAFE at 3rd, no throw by RF
Batting: SHB Danny Ballenger 0-0: Ball
1-0: Hit by Pitch
Batting: RHB Gabe Ochoa 0-0: Ball
1-0: SINGLE (Line Drive, 8RS, EV 108.8 MPH)
Eric Erickson scores
Danny Ballenger to second
Runner from 2nd tries for 3rd, SAFE, throw by CF made to third
Batting: SHB Ryoji Hiraoka 0-0: Ball
1-0: Swinging Strike
1-1: Called Strike
1-2: Strikes out swinging
Bottom of the 4th over - 1 run, 2 hits, 0 errors, 2 left on base; Bowie 6 - Northwest Arkansas 4
TOP OF THE 5TH
Bowie Baysox batting - Pitching for Northwest Arkansas Naturals : RHP Justin Nipper
Pitching: RHP Mike Tuck
Batting: RHB Travis Leonard 0-0: SINGLE (Line Drive, 9S, EV 92.5 MPH)
Batting: RHB Antonio Gamez 0-0: Grounds into double play, 6-4-3 (Groundball, 6, EV 98.8 MPH)
Batting: LHB Raul Rojas 0-0: Called Strike
0-1: SINGLE (Line Drive, 9S, EV 93.8 MPH)
Batting: RHB Ray Sims 0-0: Fly out, F8 (Flyball, 8LS, EV 85.0 MPH)
Top of the 5th over - 0 runs, 2 hits, 0 errors, 1 left on base; Bowie 6 - Northwest Arkansas 4
BOTTOM OF THE 5TH
Northwest Arkansas Naturals batting - Pitching for Bowie Baysox : LHP Freddy Gutierrez
Batting: RHB Kazuki Arai 0-0: Ball
1-0: Ball
2-0: Foul Ball, location: 2F
2-1: Foul Ball, location: 2F
2-2: Ball
3-2: Hit by Pitch
Batting: RHB Edwin Ramos 0-0: Ball
1-0: Swinging Strike
1-1: Ball
2-1: Called Strike
2-2: Ball
3-2: Strikes out looking
Kazuki Arai steals 2nd base
Batter strikes out.
Batting: RHB William Lung 0-0: Ball
1-0: Ball
2-0: Swinging Strike
2-1: Swinging Strike
2-2: Ball
3-2: Base on Balls
Batting: LHB Bobby Gonzalez 0-0: Ground out 5-3 (Groundball, 56, EV 88.8 MPH)
Kazuki Arai to third
William Lung to second
Batting: RHB Eric Erickson 0-0: Swinging Strike
0-1: SINGLE (Line Drive, 89S, EV 90.0 MPH)
Kazuki Arai scores
William Lung to third
Pitching: RHP Angel Gonzales
Batting: SHB Marcos Cortez 0-0: Ball
1-0: Swinging Strike
1-1: Called Strike
1-2: Foul Ball, location: 2F
1-2: Strikes out swinging
Bottom of the 5th over - 1 run, 1 hit, 0 errors, 2 left on base; Bowie 6 - Northwest Arkansas 5
TOP OF THE 6TH
Bowie Baysox batting - Pitching for Northwest Arkansas Naturals : RHP Mike Tuck
Batting: SHB Hugo Moreno 0-0: Foul Ball, location: 2F
0-1: Ball
1-1: Called Strike
1-2: Strikes out swinging
Batting: RHB Ken Jenkins 0-0: Foul Ball, location: 2F
0-1: Called Strike
0-2: Strikes out swinging
Batting: RHB Edwin Ramos 0-0: Ball
1-0: Ball
2-0: Ball
3-0: Base on Balls
Batting: LHB Justin Moore 0-0: Ball
1-0: SINGLE (Line Drive, 78S, EV 88.1 MPH)
Edwin Ramos to second
Batting: LHB Andrew Erens 0-0: Foul Ball, location: 2LF, Error on foul ball, E2
0-1: Foul Ball, location: 2F
0-2: Ball
1-2: Foul Ball, location: 2F
1-2: Ball
2-2: SINGLE (Groundball, 3D, EV 95.6 MPH)
Edwin Ramos to third
Justin Moore to second
Runner from 3rd tries for Home, SAFE, throw by RF to home
Pitching: RHP John Barnett
Batting: RHB Travis Leonard 0-0: Swinging Strike
0-1: Ball
1-1: Ball
2-1: Ball
3-1: Called Strike
3-2: Strikes out looking
Top of the 6th over - 1 run, 2 hits, 1 error, 2 left on base; Bowie 7 - Northwest Arkansas 5
BOTTOM OF THE 6TH
Northwest Arkansas Naturals batting - Pitching for Bowie Baysox : RHP Angel Gonzales
Batting: SHB Danny Ballenger 0-0: Ball
1-0: Ball
2-0: Called Strike
2-1: Ball
3-1: Foul Ball, location: 2F
3-2: Base on Balls
Batting: RHB Gabe Ochoa 0-0: Ball
1-0: Ball
2-0: SINGLE (Groundball, 56D, EV 98.1 MPH)
Danny Ballenger to second
Batting: SHB Ryoji Hiraoka 0-0: Ball
1-0: Ball
2-0: Called Strike
2-1: Ball
3-1: Called Strike
3-2: Fly out, F9 (Line Drive, 9S, EV 105.6 MPH)
Batting: RHB Kazuki Arai 0-0: Ball
1-0: Swinging Strike
1-1: Foul Ball, location: 2F
1-2: Fly out, F7 (Line Drive, 7S, EV 95.6 MPH)
Batting: RHB Edwin Ramos 0-0: Called Strike
0-1: Called Strike
0-2: Ball
1-2: Strikes out swinging
Bottom of the 6th over - 0 runs, 1 hit, 0 errors, 2 left on base; Bowie 7 - Northwest Arkansas 5
TOP OF THE 7TH
Bowie Baysox batting - Pitching for Northwest Arkansas Naturals : RHP John Barnett
Pitching: RHP Justin Potts
Batting: RHB Antonio Gamez 0-0: Ball
1-0: Called Strike
1-1: Foul Ball, location: 2F
1-2: Ball
2-2: Strikes out swinging
Batting: LHB Raul Rojas 0-0: Ball
1-0: Foul Ball, location: 2F
1-1: Ball
2-1: Fly out, F8 (Flyball, 8LD, EV 94.4 MPH)
Batting: RHB Ray Sims 0-0: Ball
1-0: Called Strike
1-1: Ball
2-1: Ball
3-1: Swinging Strike
3-2: Foul Ball, location: 2F
3-2: Strikes out looking
Top of the 7th over - 0 runs, 0 hits, 0 errors, 0 left on base; Bowie 7 - Northwest Arkansas 5
BOTTOM OF THE 7TH
Northwest Arkansas Naturals batting - Pitching for Bowie Baysox : RHP Angel Gonzales
Pitching: RHP Mike Brubaker
Now at 3B: Lee Deason
Batting: RHB William Lung 0-0: Called Strike
0-1: Ground out 4-3 (Groundball, 4M, EV 94.4 MPH)
Batting: LHB Bobby Gonzalez 0-0: Foul Ball, location: 2F
0-1: Ground out U3 (Groundball, 3, EV 83.8 MPH)
Batting: RHB Eric Erickson 0-0: Ball
1-0: Ball
2-0: Called Strike
2-1: SINGLE (Groundball, 56S, EV 68.1 MPH) (infield hit)
Batting: SHB Marcos Cortez 0-0: Swinging Strike
0-1: Called Strike
Eric Erickson is caught stealing 2nd base 2-6
Bottom of the 7th over - 0 runs, 1 hit, 0 errors, 0 left on base; Bowie 7 - Northwest Arkansas 5
TOP OF THE 8TH
Bowie Baysox batting - Pitching for Northwest Arkansas Naturals : RHP Justin Potts
Pitching: RHP Brian Straub
Batting: SHB Hugo Moreno 0-0: Foul Ball, location: 2F
0-1: Called Strike
0-2: Foul Ball, location: 2F
0-2: Ball
1-2: Foul Ball, location: 2F
1-2: Strikes out swinging
Batting: RHB Ken Jenkins 0-0: Called Strike
0-1: Called Strike
0-2: Foul Ball, location: 2F
0-2: Foul Ball, location: 2F
0-2: Strikes out looking
Batting: RHB Edwin Ramos 0-0: Called Strike
0-1: Ground out 5-3 (Groundball, 56, EV 90.0 MPH)
Top of the 8th over - 0 runs, 0 hits, 0 errors, 0 left on base; Bowie 7 - Northwest Arkansas 5
BOTTOM OF THE 8TH
Northwest Arkansas Naturals batting - Pitching for Bowie Baysox : RHP Mike Brubaker
Batting: SHB Marcos Cortez 0-0: Fly out, F8 (Flyball, 8RM, EV 81.9 MPH)
Batting: SHB Danny Ballenger 0-0: Swinging Strike
0-1: Foul Ball, location: 2F
0-2: Ball
1-2: Strikes out swinging
Pinch Hitting: LHB Joe Cozart 0-0: Called Strike
0-1: Ball
1-1: DOUBLE (Line Drive, 89XD, EV 108.1 MPH)
Batting: SHB Ryoji Hiraoka 0-0: Foul Ball, location: 2F
0-1: Ball
1-1: Ball
2-1: Foul Ball, location: 2F
2-2: Ball
3-2: Foul Ball, location: 2F
3-2: SINGLE (Flyball, 78S, EV 96.2 MPH)
Joe Cozart to third
Batting: RHB Kazuki Arai 0-0: Ball
1-0: Ball
2-0: Ball
3-0: Base on Balls
Ryoji Hiraoka to second
Batting: RHB Edwin Ramos 0-0: Ball
1-0: Foul Ball, location: 2F
1-1: Ball
2-1: Ball
3-1: Foul Ball, location: 2F
3-2: Base on Balls
Joe Cozart scores
Ryoji Hiraoka to third
Kazuki Arai to second
Batting: RHB William Lung 0-0: Foul Ball, location: 2F
0-1: Swinging Strike
0-2: Ball
1-2: Foul Ball, location: 2F
1-2: Ball
2-2: Ball
3-2: Strikes out swinging
Bottom of the 8th over - 1 run, 2 hits, 0 errors, 3 left on base; Bowie 7 - Northwest Arkansas 6
TOP OF THE 9TH
Bowie Baysox batting - Pitching for Northwest Arkansas Naturals : RHP Brian Straub
Pitching: RHP Kevin Fleming
Now at 3B: Joe Cozart
Now at SS: Eric Erickson
Batting: LHB Justin Moore 0-0: Called Strike
0-1: Swinging Strike
0-2: Fly out, F8 (Flyball, 8LD, EV 92.5 MPH)
Batting: LHB Andrew Erens 0-0: Called Strike
0-1: Ball
1-1: Ball
2-1: Foul Ball, location: 2F
2-2: Foul Ball, location: 2F
2-2: Ball
3-2: Base on Balls
Batting: RHB Travis Leonard 0-0: Called Strike
0-1: Ball
1-1: Fly out, F8 (Flyball, 8RD, EV 95.6 MPH)
Batting: RHB Antonio Gamez 0-0: Called Strike
Andrew Erens steals 2nd base
0-1: Ground out 1-3 (Groundball, 13S, EV 74.4 MPH)
Top of the 9th over - 0 runs, 0 hits, 0 errors, 1 left on base; Bowie 7 - Northwest Arkansas 6
BOTTOM OF THE 9TH
Northwest Arkansas Naturals batting - Pitching for Bowie Baysox : RHP Mike Brubaker
Pitching: RHP Brent Widder
Batting: LHB Bobby Gonzalez 0-0: Swinging Strike
0-1: Foul Ball, location: 2F
0-2: Fly out, F5 (Line Drive, 5L, EV 71.2 MPH)
Batting: RHB Eric Erickson 0-0: Called Strike
0-1: Swinging Strike
0-2: Ball
1-2: Strikes out swinging
Batting: SHB Marcos Cortez 0-0: Ball
1-0: Foul Ball, location: 2F
1-1: Ground out U3 (Groundball, 3, EV 80.0 MPH)
Bottom of the 9th over - 0 runs, 0 hits, 0 errors, 0 left on base; Bowie 7 - Northwest Arkansas 6
Tuesday, March 28th , 2023 - OOTP Baseball 23.10 Build 110